 Dungeon Crawl Stone Soup version 0.21-a0-143-g1ab7d47 (webtiles) character file.

1276 Savaroth the Skirmisher (level 8, -8/109 HPs)
             Began as a Minotaur Berserker on July 24, 2017.
             Was a Priest of Trog.
             Killed by divine providence
             ... invoked by an orc priest
              (13 damage)
             ... on level 6 of the Dungeon.
             The game lasted 00:15:28 (4733 turns).

Savaroth the Skirmisher (Minotaur Berserker)        Turns: 4733, Time: 00:15:29

Health: -8/109     AC: 10    Str: 27    XL:     8   Next: 29%
Magic:  7/7        EV: 11    Int:  4    God:    Trog [***...]
Gold:   302        SH:  0    Dex: 12    Spells: 7/7 levels left

rFire    . . .     SeeInvis .   v - +0 falchion
rCold    . . .     Gourm    .   (no shield)
rNeg     . . .     Faith    .   h - +0 chain mail
rPois    .         Spirit   .   (helmet restricted)
rElec    .         Reflect  .   (no cloak)
rCorr    .         Harm     .   (no gloves)
MR       +....                  (no boots)
Stlth    ..........             j - amulet of inaccuracy (curse)
HPRegen  0.28/turn              f - ring of protection from magic
MPRegen  0.10/turn              (no ring)

@: berserking, very quick
A: retaliatory headbutt, horns 2
a: Berserk, Trog's Hand, Burn Spellbooks, Renounce Religion


You were on level 6 of the Dungeon.
You worshipped Trog.
Trog was most pleased with you.
You were very hungry.

You visited 1 branch of the dungeon, and saw 6 of its levels.

You collected 302 gold pieces.

Inventory:

Hand Weapons
 a - a +0 falchion
 v - a +0 falchion (weapon)
Armour
 b - a +0 animal skin
 h - a +0 chain mail (worn)
Jewellery
 f - a ring of protection from magic (left hand)
 j - a cursed amulet of inaccuracy (around neck)
 m - an uncursed ring of fire
 u - an uncursed ring of stealth {unknown}
 x - a cursed -2 ring of evasion {unknown}
 y - an uncursed amulet of rage {unknown}
Wands
 r - a wand of acid (5/15)
 F - a wand of random effects (28/48)
Scrolls
 l - 3 scrolls of fog {unknown}
 n - 2 scrolls of remove curse {unknown}
 q - a scroll of fear {unknown}
 t - a scroll of magic mapping {unknown}
 w - 2 scrolls of identify
 C - a scroll of enchant armour {unknown}
Potions
 e - a potion of might
 g - a potion of magic {unknown}
 i - a potion of degeneration {unknown}
 k - a potion of heal wounds {unknown}
 o - 4 potions of lignification {unknown}
 s - 3 potions of flight {unknown}
 z - a potion of berserk rage {unknown}
 A - a potion of curing {unknown}
 B - a potion of brilliance {unknown}
Comestibles
 c - 2 bread rations
 d - 3 meat rations
 p - 2 royal jellies
 D - a fruit
 E - a chunk of flesh


   Skills:
 + Level 7.1 Fighting
 + Level 6.9 Long Blades
 + Level 6.5 Armour
 + Level 5.7 Dodging


You had 7 spell levels left.
You didn't know any spells.

Dungeon Overview and Level Annotations

Branches:
Dungeon (6/15)             Temple (0/1) D:4

Altars:
Dithmenos
Fedhas
Nemelex Xobeh
The Shining One

Shops:
D:4 (

Annotations:
D:3 exclusion: oklob plant


Innate Abilities, Weirdness & Mutations

You reflexively headbutt those who attack you in melee.
You have a pair of horns on your head.


Message History

You miss the orc warrior. You headbutt the orc warrior.
The orc warrior is lightly wounded.
The orc warrior hits you with a short sword.
* * * LOW HITPOINT WARNING * * *
You closely miss the orc warrior.
The orc warrior is lightly wounded.
You hit the orc warrior.
The orc warrior is moderately wounded.
The orc warrior hits you with a short sword!
* * * LOW HITPOINT WARNING * * *
You completely miss the orc warrior.
The orc warrior is moderately wounded.
The orc warrior hits you with a short sword!
* * * LOW HITPOINT WARNING * * *
Your chain mail prevents you from hitting the orc warrior.
Your headbutt misses the orc warrior.
The orc warrior is lightly wounded.
The orc priest invokes the aid of Beogh against you.
Beogh smites you!
You die...

#......# #...#..#
###).....####
#)......F...
#.#...##...
#.###..#..# # #.#
#.#..# .# #.#
#.#..# ..# #@#
#....####..## #o#
#..O.........
#o########...#..#.
#.(...o.##......#
##.(........(...##
#.................
#...)............#
#..o..............
#.................


You could see an orc warrior, an orc priest and an orc wizard.

Vanquished Creatures
  Edmund (D:6)
  Duvessa (D:6)
  A sky beast (D:5)
  A phantom (D:6)
  A centaur (D:2)
  An ogre (D:5)
  3 bullfrogs
  Dowan (D:6)
  A killer bee (D:5)
  A hound (D:4)
  2 jellies (D:5)
  An iguana (D:6)
  Jessica (D:3)
  2 bullfrog skeletons
  A worker ant (D:5)
  A worker ant zombie (D:5)
  8 adders
  2 oozes (D:1)
  2 worms
  2 dart slugs (D:1)
  5 leopard geckos
  11 orcs
  3 ball pythons
  3 giant cockroaches
  7 goblins
  10 hobgoblins
  7 jackals
  4 quokkas
  8 bats
  3 frilled lizards
  A giant cockroach zombie (D:5)
  8 kobolds
  12 rats
116 creatures vanquished.

Vanquished Creatures (others)
  22 toadstools (D:3)
22 creatures vanquished.

Grand Total: 138 creatures vanquished

Notes
Turn   | Place    | Note
-------+----------+-------------------------------------------
     0 | D:1      | Savaroth the Minotaur Berserker began the quest for the Orb.
     0 | D:1      | Reached XP level 1. HP: 19/19 MP: 0/0
   100 | D:1      | Reached XP level 2. HP: 9/27 MP: 1/1
   387 | D:1      | Reached skill level 4 in Fighting
   588 | D:1      | Reached XP level 3. HP: 33/33 MP: 2/2
   927 | D:1      | You fall through a shaft!
   930 | D:2      | Reached ** piety under Trog
  1025 | D:2      | Found a faded altar of an unknown god.
  1085 | D:2      | Reached XP level 4. HP: 31/41 MP: 3/3
  1107 | D:2      | Found a glowing golden altar of the Shining One.
  1269 | D:2      | Found a transporter.
  1275 | D:2      | Found a transporter.
  1284 | D:2      | Noticed a bullfrog
  1284 | D:2      | Noticed a centaur
  1295 | D:2      | Found a shadowy altar of Dithmenos.
  1337 | D:2      | Killed a centaur
  1337 | D:2      | Reached XP level 5. HP: 34/47 MP: 4/4
  1338 | D:2      | Reached skill level 5 in Fighting
  1338 | D:2      | Reached skill level 5 in Long Blades
  1769 | D:3      | Noticed Jessica
  1786 | D:3      | Reached XP level 6. HP: 42/56 MP: 5/5
  1799 | D:3      | Killed Jessica
  2176 | D:3      | You fall through a shaft for 2 floors!
  2176 | D:5      | Entered Level 5 of the Dungeon
  2287 | D:4      | Found a staircase to the Ecumenical Temple.
  2290 | D:4      | Found Qoejaac's Weapon Emporium.
  2309 | D:4      | Reached *** piety under Trog
  2654 | D:3      | Found a blossoming altar of Fedhas.
  2665 | D:3      | Noticed an oklob plant
  3574 | D:5      | Reached skill level 6 in Fighting
  3574 | D:5      | Reached skill level 5 in Armour
  3574 | D:5      | Reached XP level 7. HP: 18/63 MP: 6/6
  4074 | D:5      | Reached skill level 5 in Dodging
  4385 | D:5      | Found a sparkling altar of Nemelex Xobeh.
  4500 | D:6      | Noticed Duvessa
  4515 | D:6      | Noticed Dowan
  4531 | D:6      | Reached XP level 8. HP: 41/71 MP: 7/7
  4540 | D:6      | Killed Dowan
  4549 | D:6      | Killed Duvessa
  4549 | D:6      | Reached skill level 7 in Fighting
  4696 | D:6      | Noticed Edmund
  4709 | D:6      | Killed Edmund
  4732 | D:6      | HP: 4/109 [orc warrior/short sword (8)]
  4733 | D:6      | Killed from afar by an orc priest

Vault maps used:
D:1:      sevenhm_arrival_forest_fort_large_4, serial_bayou_pond_e
D:2:      gammafunk_temple_overflow_arena, nicolae_tso_carved_into_rock,
          chequers_ecumenical_altar_island
D:3:      tgw_fedhas, uniq_jessica
D:4:      temple_statues, serial_shops, nicolae_shop_waterfront
D:5:      kennysheep_spiral_hall, first_bread, nemelex_diamond_rough_becter
D:6:      corexii_shack_village, xom_butterflies, uniq_edmund, uniq_duvessa,
          uniq_pikel

Skill      XL: |  1  2  3  4  5  6  7  8 |
---------------+-------------------------+-----
Fighting       | 4 5 6 7 |  7.1
Long Blades    | 4 5 6 |  6.9
Armour         | 3 4 5 6 |  6.5
Dodging        | 3 4 5 |  5.7

Action                   |  1- 3 |  4- 6 |  7- 9 || total
-------------------------+-------+-------+-------++-------
Melee: Falchion          |    95 |   190 |   115 ||   400
       Headbutt          |    11 |    22 |    31 ||    64
Invok: Berserk           |       |     2 |     2 ||     4
       Trog's Hand       |       |       |     1 ||     1
  Use: Scroll            |     1 |     4 |       ||     5
  Eat: Chunk             |       |     9 |     6 ||    15
Armor: Animal skin       |     4 |       |       ||     4
       Chain mail        |    49 |   124 |    61 ||   234
Dodge: Dodged            |    50 |   107 |    58 ||   215
       Rpst.: Falchion   |    15 |    23 |    17 ||    55
